 Dungeon Crawl Stone Soup version 0.26-a0-642-g67e99244d3 (webtiles) character file.

Game seed: 12342536491815886643

44 Descartes the Magician (level 3, -3/28 HPs)
             Began as a Formicid Warper on Sept 21, 2020.
             Slain by Sigmund
             ... wielding a +0 scythe
              (9 damage)
             ... on level 1 of the Dungeon.
             The game lasted 00:02:04 (1439 turns).

Descartes the Magician (Formicid Warper)            Turns: 1439, Time: 00:02:04

Health: -3/28      AC:  3    Str: 16    XL:     3   Next: 85%
Magic:  7/7        EV: 12    Int: 12    God:
Gold:   85         SH:  0    Dex: 10    Spells: 7/7 levels left

rFire    . . .     SeeInvis +   a - +0 falchion
rCold    . . .     Faith    .   (no shield)
rNeg     . . .     Spirit   .   b - +0 leather armour
rPois    .         Reflect  .   (helmet unavailable)
rElec    .         Harm     .   (no cloak)
rCorr    .         Rampage  .   (no gloves)
MR       .....                  (no boots)
Stlth    +.........             (no amulet)
HPRegen  0.09/turn              (no ring)
MPRegen  0.10/turn              (no ring)

@: no status effects
A: permanent stasis, dig shafts and tunnels, four strong arms, antennae 3
a: Dig, Shaft Self


You were on level 1 of the Dungeon.
You visited 1 branch of the dungeon, and saw 2 of its levels.

You collected 85 gold pieces.

Inventory:

Hand Weapons
 a - a +0 falchion (weapon)
Missiles
 d - 5 boomerangs of dispersal (quivered)
 f - 85 stones
 m - 20 bolts
Armour
 b - a +0 leather armour (worn)
Scrolls
 c - 2 scrolls of teleportation {unknown}
 e - a scroll of immolation {unknown}
 g - a scroll of enchant weapon {unknown}
 h - 3 scrolls of identify {unknown}
 i - 3 scrolls of remove curse {unknown}
 j - a scroll of noise {unknown}
 l - a scroll of amnesia {unknown}
Potions
 k - a potion of flight {unknown}
 n - a potion of lignification {unknown}


   Skills:
 + Level 2.5 Fighting
 + Level 2.6 Long Blades
 - Level 1.0 Throwing
 + Level 1.4 Armour
 + Level 2.2 Dodging
 + Level 2.8 Spellcasting
   Level 2.6 Translocations


You had 7 spell levels left.
You didn't know any spells.
Your spell library contained the following spells:

 Spells                   Type           Power        Failure   Level
 Gell's Gravitas          Tloc           #.........   30%         3
 Lesser Beckoning         Tloc           #.........   30%         3
 Teleport Other           Tloc           #.......     30%         3
 Passage of Golubria      Tloc           N/A          71%         4
 Blink                    Tloc           Unusable     N/A         2

Dungeon Overview and Level Annotations

Branches:
Dungeon (2/15)

Altars:

Annotations:
D:1 Sigmund


Innate Abilities, Weirdness & Mutations

You cannot be hasted, slowed, berserked, paralysed or teleported.
You can dig through walls and to a lower floor.
Your four strong arms can wield two-handed weapons with a shield.
You have a pair of large antennae on your head. (SInv)


Message History

Sigmund hits you from afar with a +0 scythe!
Sigmund closely misses you.
You riposte.
You hit Sigmund but do no damage.
There is a stone staircase leading up, spattered with blood here.
You climb upwards.
There is a stone staircase leading down here.
You hit Sigmund.
Sigmund is lightly wounded.
Sigmund hits you with a +0 scythe.
You barely miss Sigmund.
Sigmund is lightly wounded.
Sigmund casts a spell at you. The magic dart hits you.
* * * LOW HITPOINT WARNING * * *
You closely miss Sigmund.
Sigmund is lightly wounded.
Sigmund hits you but does no damage.
You barely miss Sigmund.
Sigmund is lightly wounded.
Sigmund hits you with a +0 scythe!
You die...

##)...###............# #.# #
#.#..####.###.##.#..# #.# #
#.#...........##.#..#####.# #
#.##.####.######^#......#.###
#.##..........##.#.####.#.##.
#.##.####.###.##.#.# #.#.##.
#.##.............#.# #.#....
#.#######..).....#.# #.#....
#.# #...@....#.# #.....[ #.#
#..@.....#.# #...... #.#
#..........# ##..... #.#
##.......### ##.#..
#.########.).....# #.##.
#.##..........#### #.###
#...)..######## #.# #
####.#.# #.# # ####.#.# #.# #


You could see Sigmund.

Vanquished Creatures
  2 oozes
  2 dart slugs (D:1)
  2 giant cockroaches (D:1)
  4 goblins (D:1)
  2 hobgoblins (D:1)
  2 jackals (D:1)
  6 bats (D:1)
  5 kobolds (D:1)
  7 rats
32 creatures vanquished.

Notes
Turn   | Place    | Note
-------+----------+-------------------------------------------
     0 | D:1      | Descartes the Formicid Warper began the quest for the Orb.
     0 | D:1      | Reached XP level 1. HP: 16/16 MP: 3/3
   296 | D:1      | Reached XP level 2. HP: 17/22 MP: 5/5
   458 | D:1      | Reached XP level 3. HP: 28/28 MP: 7/7
  1205 | D:2      | Noticed Sigmund
  1439 | D:1      | Slain by Sigmund

Illustrated notes

Levels and vault maps discovered:
D:1:      heliophobic_arrival_battle_scene, layout_loops_ring
D:2:      layout_basic, nemelex_diamond_rough_becter, uniq_robin, uniq_natasha,
          uniq_sigmund

Skill      XL: |  1 |
---------------+----+-----
Dodging        | 2 |  2.2
Fighting       | |  2.5
Long Blades    | |  2.6
Throwing       | |  1.0
Armour         | |  1.4
Spellcasting   | |  2.8
Translocations | |  2.6

Action                   || total
-------------------------++-------
Melee: Falchion          ||    82
Armor: Leather armour    ||    23
Dodge: Dodged            ||    52
       Rpst.: Falchion   ||    17

Table legend: (Time is in decaauts)
 A = Elapsed time spent in this place.
 B = Non-inter-level travel time spent in this place.
 C = Inter-level travel time spent in this place.
 D = Time resting spent in this place.
 E = Time spent auto-exploring this place.
 F = Levels seen in this place.
 G = Mean time per level.
                   A        B        C        D        E       F      G
               +--------+--------+--------+--------+--------+-----+--------+
         Total |   1455 |   1428 |     27 |      0 |   1216 |   2 |  727.5 |
       Dungeon |   1455 |   1428 |     27 |      0 |   1216 |   2 |  727.5 |
               +--------+--------+--------+--------+--------+-----+--------+

Top non-repeatable levels by time:
     D:1: 1436 daAuts
     D:2: 18 daAuts
